[Event "Wednesday Night Engine Tour 13 Rd Swiss 3m+1s Starts at 2200hrs ST"]
[Site "Infinity Chess"]
[Date "2018.1.10"]
[Round "7"]
[White "SkyPilot"]
[Black "Victorious"]
[Result "1/2-1/2"]
[ECO "C53"]
[WhiteElo "2557"]
[BlackElo "2558"]
[WhiteEngine "stockfish_x64_bmi2_2018_01_01_CTG"]
[BlackEngine "Houdini 6"]
[EventType "Swiss"]
[WhiteTeam ""]
[BlackTeam ""]
[PlyCount "133"]
[TimeControl "180+1"]

1. e4 e5 2. Nf3 Nc6 3. Bc4 Bc5 4. c3 Nf6 5. d3 d6 6. O-O O-O 7. Bg5 h6 8. Bh4 g5 
9. Bg3 a6 10. Bb3 Ba7 11. Nbd2 Na5 12. Ba4 Nh5 13. b4 Nxg3 14. hxg3 b5 
15. Bc2 Nc6 16. a4 Bd7 17. Re1 Qf6 18. Qe2 g4 19. Nh4 Ne7 20. Nf1 c5 
21. bxc5 Bxc5 22. Ne3 h5 23. Qd2 Rfb8 24. axb5 axb5 25. Rxa8 Rxa8 26. Bb3 Rb8 
27. Nc2 Nc6 28. Rb1 Be6 29. Bd5 Bxd5 30. exd5 Ne7 31. d4 exd4 32. cxd4 Ba7 
33. Nb4 Bxd4 34. Nc6 Nxc6 35. dxc6 Bc5 36. Kh2 b4 37. Qd5 Qe5 38. c7 Rc8 
39. Qb7 Qe6 40. f3 b3 41. Rxb3 Rxc7 42. Qxc7 Qxb3 43. Qd8+ Kh7 44. Qg5 Qe6 
45. Qxh5+ Kg8 46. fxg4 Qe3 47. Nf3 Qe6 48. Qg5+ Kf8 49. Qf5 d5 50. Qf4 Bd6 
51. Qg5 Ke8 52. Kh3 Kd7 53. Qf5 Ke8 54. Qxe6+ fxe6 55. g5 Kf7 56. Kg4 e5 
57. Kf5 e4 58. g6+ Kg7 59. Nd4 Bxg3 60. Ne6+ Kg8 61. Kf6 Bd6 62. Nd4 Ba3 
63. Ke6 Kg7 64. g3 e3 65. g4 Bb2 66. Nf5+ Kxg6 67. Nxe3 1/2-1/2

[Event "Wednesday Night Engine Tour 13 Rd Swiss 3m+1s Starts at 2200hrs ST"]
[Site "Infinity Chess"]
[Date "2018.1.10"]
[Round "7"]
[White "BlitzMaster"]
[Black "Vimtiroba"]
[Result "1/2-1/2"]
[ECO "C50"]
[WhiteElo "2569"]
[BlackElo "2513"]
[WhiteEngine "stockfish_18010422_x64_modern_CTG"]
[BlackEngine "Asmfish@ Seahorse_CTG"]
[EventType "Swiss"]
[WhiteTeam ""]
[BlackTeam ""]
[PlyCount "88"]
[TimeControl "180+1"]

1. e4 e5 2. Nf3 Nc6 3. Bc4 Bc5 4. O-O Nf6 5. d3 d6 6. c3 O-O 7. h3 a6 8. Re1 Ba7 
9. a4 b5 10. Ba2 Ne7 11. Bb3 Bb7 12. Nh4 Nd7 13. Bc2 Ng6 14. Nxg6 hxg6 
15. Nd2 c5 16. Qg4 Re8 17. Nf3 d5 18. Bg5 Qc7 19. exd5 Bxd5 20. Qg3 Bb6 
21. axb5 axb5 22. Rxa8 Bxa8 23. Bf4 Qa7 24. Nxe5 Bc7 25. Nf3 Rxe1+ 26. Nxe1 Bxf4 
27. Qxf4 Qa1 28. Kf1 Bd5 29. Qe3 Be6 30. d4 cxd4 31. Qxd4 Qxb2 32. Bd3 Nf6 
33. Qc5 Nd5 34. Qxb5 Qxc3 35. Qb8+ Kh7 36. Qg3 Qc1 37. Qh4+ Qh6 38. Qe4 Qc1 
39. Qh4+ Kg8 40. Bc2 Nf4 41. Qd8+ Kh7 42. Qh4+ Kg8 43. Qd8+ Kh7 44. Qh4+ Kg8 
1/2-1/2

[Event "Wednesday Night Engine Tour 13 Rd Swiss 3m+1s Starts at 2200hrs ST"]
[Site "Infinity Chess"]
[Date "2018.1.10"]
[Round "7"]
[White "xeonrocks"]
[Black "ocirema"]
[Result "1/2-1/2"]
[ECO "C50"]
[WhiteElo "2616"]
[BlackElo "2505"]
[WhiteEngine "asmFishW_CTG"]
[BlackEngine "stockfish_18010422_x64_modern_CTG"]
[EventType "Swiss"]
[WhiteTeam ""]
[BlackTeam ""]
[PlyCount "105"]
[TimeControl "180+1"]

1. e4 e5 2. Nf3 Nc6 3. Bc4 Bc5 4. O-O Nf6 5. d3 d6 6. c3 a5 7. Re1 O-O 8. Bg5 h6 
9. Bh4 Ba7 10. Nbd2 g5 11. Bg3 Nh7 12. h3 h5 13. Nf1 h4 14. Bh2 g4 15. hxg4 Bxg4 
16. Ne3 Bxe3 17. Rxe3 Ng5 18. Kh1 Qf6 19. Qg1 Ne6 20. d4 Nf4 21. Bxf4 exf4 
22. Ree1 Kg7 23. Nh2 Bd7 24. g4 hxg3 25. fxg3 f3 26. Qe3 Rh8 27. Rf1 Bg4 
28. Kg1 Rh3 29. Nxg4 Rxg3+ 30. Kf2 Rxg4 31. Rg1 Rg2+ 32. Rxg2+ fxg2+ 33. Qf3 Rh8 
34. Qxf6+ Kxf6 35. Kxg2 Ke7 36. a3 Nd8 37. b4 a4 38. Rh1 Rxh1 39. Kxh1 c5 
40. dxc5 dxc5 41. bxc5 Ne6 42. Kg2 Nxc5 43. Kf3 Kf6 44. e5+ Kxe5 45. Bxf7 Ne4 
46. Be8 Nxc3 47. Ke3 b6 48. Bf7 Ne4 49. Be8 b5 50. Bxb5 Nd6 51. Bf1 Nf5+ 
52. Kd2 Kd5 53. Be2 1/2-1/2

[Event "Wednesday Night Engine Tour 13 Rd Swiss 3m+1s Starts at 2200hrs ST"]
[Site "Infinity Chess"]
[Date "2018.1.10"]
[Round "6"]
[White "koalachess"]
[Black "CrossingJordan"]
[Result "0-1"]
[ECO "C53"]
[WhiteElo "2332"]
[BlackElo "2485"]
[WhiteEngine "asmFishW_2017-11-19_popcnt_CTG"]
[BlackEngine "asmFishW_2017-12-20_bmi2_CTG"]
[EventType "Swiss"]
[WhiteTeam ""]
[BlackTeam ""]
[PlyCount "138"]
[TimeControl "180+1"]

1. e4 e5 2. Nf3 Nc6 3. Bc4 Bc5 4. c3 Nf6 5. d4 exd4 6. cxd4 Bb4+ 7. Bd2 Bxd2+ 
8. Nbxd2 d5 9. exd5 Nxd5 10. O-O O-O 11. Rc1 Nb6 12. Bb3 a5 13. a4 Nd5 
14. Re1 Ndb4 15. Qe2 Nd5 16. Bxd5 Qxd5 17. Rc5 Qd8 18. Qe4 h6 19. Nc4 Bd7 
20. Ne3 Re8 21. Ne5 Nxe5 22. dxe5 c6 23. Qd4 Be6 24. Qc3 Qb6 25. Rd1 Red8 
26. Rxd8+ Qxd8 27. g3 g6 28. h4 Qb6 29. f3 h5 30. Kf2 Kh7 31. Ke2 Qd8 
32. Ke1 Qd7 33. Rxa5 Rd8 34. Ra7 Bd5 35. e6 Bxe6 36. Kf2 c5 37. b3 Bxb3 
38. a5 Qb5 39. g4 Rd3 40. Rxb7 Rxe3 41. Qxe3 Qxb7 42. gxh5 gxh5 43. a6 Qb6 
44. a7 Qxa7 45. Qd3+ Kg7 46. Qc3+ Kg8 47. Qxb3 c4+ 48. Qe3 Qxe3+ 49. Kxe3 Kg7 
50. f4 Kf6 51. Ke4 c3 52. Kd3 c2 53. Kxc2 Kf5 54. Kc1 Kxf4 55. Kd2 Kg3 
56. Ke2 f5 57. Ke3 f4+ 58. Ke2 f3+ 59. Ke1 Kg2 60. Kd2 f2 61. Kc3 f1=Q 
62. Kb4 Qf5 63. Ka4 Qb1 64. Ka5 Kg3 65. Ka6 Kf3 66. Ka7 Ke4 67. Ka6 Kd5 
68. Ka5 Kc5 69. Ka4 Qb4# 0-1

[Event "Wednesday Night Engine Tour 13 Rd Swiss 3m+1s Starts at 2200hrs ST"]
[Site "Infinity Chess"]
[Date "2018.1.10"]
[Round "6"]
[White "MGR"]
[Black "MiKachomiKa QueeN"]
[Result "1/2-1/2"]
[ECO "E32"]
[WhiteElo "2492"]
[BlackElo "2466"]
[WhiteEngine "asmFishW_2017-11-19_bmi2"]
[BlackEngine "Raubfisch X37b1_CTG"]
[EventType "Swiss"]
[WhiteTeam ""]
[BlackTeam ""]
[PlyCount "128"]
[TimeControl "180+1"]

1. d4 Nf6 2. c4 e6 3. Nc3 Bb4 4. Qc2 O-O 5. e4 d5 6. e5 Ne4 7. Bd3 c5 
8. Nf3 cxd4 9. Nxd4 Nd7 10. Bf4 Qh4 11. g3 Qh3 12. O-O-O Nxc3 13. bxc3 dxc4 
14. Bf1 Ba3+ 15. Kb1 Qh5 16. Bxc4 Be7 17. Be2 Qh3 18. Bf1 Qh5 19. Be2 Qh3 
20. Rhg1 g5 21. Bc1 Nxe5 22. f4 Nc6 23. fxg5 e5 24. Bf1 Qh5 25. Nxc6 bxc6 
26. Re1 Be6 27. Bd3 Rfb8+ 28. Ka1 Rb6 29. Rxe5 Rab8 30. h4 Bd6 31. Ree1 R6b7 
32. Qf2 Bf8 33. Be3 Ba3 34. Bc1 Bf8 35. Bc2 Bg7 36. Re3 Rb4 37. Qf3 Qxf3 
38. Rxf3 Bd5 39. Re3 Rc4 40. Bb3 Rxc3 41. Rxc3 Bxc3+ 42. Bb2 Bg7 43. Bxg7 Kxg7 
44. Bxd5 cxd5 45. Rc1 Re8 46. Rc7 a5 47. Kb2 Re2+ 48. Kb1 Rg2 49. Rc5 a4 
50. Ra5 Rxg3 51. Rxa4 Rg1+ 52. Kb2 Rg2+ 53. Kc3 Rh2 54. Rf4 Rxa2 55. Rd4 Rh2 
56. Kb4 Kg6 57. Kc5 Kh5 58. Rf4 Rxh4 59. Rxf7 Kxg5 60. Kxd5 h5 61. Ke5 Ra4 
62. Rg7+ Kh4 63. Rg1 Ra8 64. Ke4 Rf8 1/2-1/2

[Event "Wednesday Night Engine Tour 13 Rd Swiss 3m+1s Starts at 2200hrs ST"]
[Site "Infinity Chess"]
[Date "2018.1.10"]
[Round "6"]
[White "RonWeasley"]
[Black "Dovahkiin"]
[Result "1/2-1/2"]
[ECO "A00"]
[WhiteElo "2478"]
[BlackElo "2436"]
[WhiteEngine "BrainFish 060118_CTG"]
[BlackEngine "BrainFish_180106_x64_modern_CTG"]
[EventType "Swiss"]
[WhiteTeam ""]
[BlackTeam ""]
[PlyCount "114"]
[TimeControl "180+1"]

1. a3 e5 2. e3 d5 3. d4 exd4 4. exd4 Nf6 5. Nc3 c6 6. Bd3 Bd6 7. Qe2+ Be7 
8. Nf3 O-O 9. Be3 Bd6 10. Qd2 Re8 11. O-O Ne4 12. Bxe4 dxe4 13. Ng5 Qc7 
14. Ngxe4 Bxh2+ 15. Kh1 Bf5 16. Qd3 Bxe4 17. Nxe4 Bf4 18. Rae1 Nd7 19. g3 Bxe3 
20. Rxe3 Nf8 21. Rfe1 Qd7 22. Kg2 Rad8 23. c3 b6 24. Nd2 Re6 25. Nf3 c5 
26. Re5 cxd4 27. Qxd4 Rxe5 28. Qxe5 Ne6 29. Qe4 h6 30. Ne5 Qd5 31. Qxd5 Rxd5 
32. Nc6 Rd2 33. b4 a6 34. a4 Kf8 35. Ne5 b5 36. Ra1 f6 37. Nc6 Ke8 38. axb5 axb5 
39. Ra5 Rd3 40. Rxb5 Rxc3 41. Rb6 Kd7 42. b5 Rb3 43. Rb7+ Kd6 44. Ne7 Nc5 
45. Nc8+ Kd5 46. Rxg7 Rxb5 47. Ne7+ Ke6 48. Ng6 Rb7 49. Nf4+ Kf5 50. Rxb7 Nxb7 
51. Nd5 Ke6 52. Nf4+ Kf5 53. f3 Nd6 54. Nd5 Ke5 55. Nf4 Kf5 56. Nd5 Ke5 
57. Nf4 Kf5 1/2-1/2

[Event "Wednesday Night Engine Tour 13 Rd Swiss 3m+1s Starts at 2200hrs ST"]
[Site "Infinity Chess"]
[Date "2018.1.10"]
[Round "6"]
[White "KRAKEN"]
[Black "KillBill2017"]
[Result "1/2-1/2"]
[ECO "A20"]
[WhiteElo "2552"]
[BlackElo "2481"]
[WhiteEngine "Raubfisch X37b1._zag_CTG"]
[BlackEngine "Raubfisch X37b1._CTG"]
[EventType "Swiss"]
[WhiteTeam ""]
[BlackTeam ""]
[PlyCount "236"]
[TimeControl "180+1"]

1. c4 e5 2. g3 Nf6 3. Bg2 d5 4. cxd5 Nxd5 5. Nf3 Nc6 6. O-O Nb6 7. d3 Be7 
8. Nc3 O-O 9. Be3 Be6 10. Rc1 f5 11. b4 a6 12. Bc5 Qe8 13. a3 Rd8 14. Bxe7 Qxe7 
15. Nd2 e4 16. dxe4 f4 17. Qe1 Ne5 18. Nf3 Nec4 19. a4 Qxb4 20. Ng5 Bg4 
21. Nd5 Nxd5 22. exd5 Qxe1 23. Rfxe1 b5 24. axb5 axb5 25. Rb1 Na3 26. Rb2 h6 
27. Ne6 Bxe6 28. dxe6 Rfe8 29. Ra1 b4 30. Bh3 fxg3 31. hxg3 Nb5 32. Rxb4 Nd4 
33. Ra2 Nxe6 34. Rc4 Rd6 35. Kg2 Rb6 36. e3 Re7 37. Ra7 g5 38. Bf5 Kf7 
39. g4 Ng7 40. Bc2 c6 41. Ra1 Rc7 42. Rc1 Ne6 43. Be4 Nd8 44. Kg3 Ke7 
45. Bf3 Kf7 46. Rc5 Ne6 47. R5c3 Nd8 48. Rc5 Ne6 49. R5c3 Nd8 50. Be4 Kf8 
51. Bd5 Kg7 52. Be4 Kf8 53. Rc4 Ke7 54. Bg2 Nb7 55. Rh1 Nd6 56. Rc5 Nf7 
57. Rhc1 Nd8 58. Rh1 Nf7 59. Rhc1 Nd8 60. R5c4 Kf6 61. Rd1 Nf7 62. Rc5 Ke6 
63. Be4 Ke7 64. Rh1 Kd6 65. Rhc1 Nd8 66. Rf5 Ke7 67. Re5+ Kf8 68. Rd1 Nb7 
69. Rh1 c5 70. Bxb7 Rcxb7 71. Rxc5 Rf7 72. Rhc1 Rbf6 73. R1c2 Rf3+ 74. Kg2 Kg7 
75. Rc6 Kh7 76. Ra6 Kg7 77. Rac6 Kh7 78. Rd6 Kg7 79. Ra6 Kh7 80. Rd6 Kg7 
81. Rb6 Kh7 82. Re6 Kg7 83. Ra6 Kh7 84. Re6 Kg7 85. Rd6 Kh7 86. Rcd2 Kg7 
87. Rc6 Kh7 88. Rcd6 Kg7 89. Re6 Kh7 90. Rc6 Kg7 91. Rcd6 Kh7 92. Ra6 Kg7 
93. Re6 Kh7 94. Ra6 Kg7 95. Rad6 Kh7 96. Re6 Kg7 97. Rc2 Kh7 98. Re2 Kg7 
99. Rc2 Kh7 100. Ra6 Kg7 101. Re2 R3f6 102. Rxf6 Rxf6 103. Rd2 h5 104. Rd5 Kg6 
105. gxh5+ Kxh5 106. f4 Kh4 107. fxg5 Rc6 108. Kf3 Kh5 109. Kf4 Rc1 
110. Rd2 Rf1+ 111. Ke5 Kg6 112. Rd8 Rg1 113. Ke4 Re1 114. Rg8+ Kf7 115. Rc8 Kg6 
116. Rg8+ Kf7 117. Rh8 Kg6 118. Kf4 Rf1+ 1/2-1/2

[Event "Wednesday Night Engine Tour 13 Rd Swiss 3m+1s Starts at 2200hrs ST"]
[Site "Infinity Chess"]
[Date "2018.1.10"]
[Round "6"]
[White "KULLANI"]
[Black "Cepri"]
[Result "1/2-1/2"]
[ECO "C55"]
[WhiteElo "2503"]
[BlackElo "2489"]
[WhiteEngine "BrainFish_180106_x64_CTG"]
[BlackEngine "Raubfisch X37b_CTG"]
[EventType "Swiss"]
[WhiteTeam ""]
[BlackTeam ""]
[PlyCount "372"]
[TimeControl "180+1"]

1. e4 e5 2. Nf3 Nc6 3. Bc4 Nf6 4. d3 Bc5 5. O-O d6 6. c3 O-O 7. Nbd2 a5 
8. Re1 h6 9. Nf1 Be6 10. Bb5 Bb6 11. h3 Ne7 12. Ng3 Ng6 13. d4 exd4 14. cxd4 d5 
15. e5 Ne4 16. Bd3 Nxg3 17. fxg3 c5 18. Be3 cxd4 19. Bf2 Rc8 20. Kh2 Ne7 
21. g4 Re8 22. a3 Bd7 23. Kh1 a4 24. Bh4 Qc7 25. Bg3 Qd8 26. Qe2 Ng6 
27. Rad1 Rc6 28. Bf5 Rc4 29. Rf1 Re7 30. Bd3 Rc6 31. g5 h5 32. Bb1 Re8 
33. Nxd4 Bxd4 34. Rxd4 Qxg5 35. Qf3 Be6 36. h4 Qh6 37. Kh2 Rc4 38. Rxc4 dxc4 
39. Bc2 Qd2 40. Rf2 Qd4 41. Qxh5 Bg4 42. Qg5 Nxe5 43. Bxa4 Re6 44. Qf4 Qxf4 
45. Rxf4 Be2 46. Rd4 Bd3 47. Bb5 Nc6 48. Rf4 Ne5 49. a4 Rd6 50. Bf2 f6 
51. Rd4 Re6 52. Bg3 Rb6 53. Kg1 c3 54. bxc3 Bxb5 55. Rb4 Rc6 56. Rxb5 Ng4 
57. Rb3 Kh7 58. Bf2 Kg6 59. a5 Rd6 60. Kf1 Rd2 61. Bb6 Kf5 62. Ba7 Rd7 
63. Rb4 Ne5 64. Bb6 Nc6 65. g4+ Kg6 66. Rc4 Ne5 67. Ra4 f5 68. gxf5+ Kxf5 
69. Ke2 g5 70. hxg5 Kxg5 71. Rd4 Rh7 72. Kd1 Kf5 73. Kc2 Nc6 74. Rd5+ Ke6 
75. Rg5 Ne5 76. Kb2 Kf6 77. Bd8+ Ke6 78. Ka3 Kd6 79. Bb6 Rh1 80. Kb3 Nc6 
81. Rg6+ Kd7 82. Rg5 Kd6 83. Kc2 Ne5 84. Ba7 Nc6 85. Bc5+ Ke6 86. Bb6 Rh2+ 
87. Kd3 Rh1 88. Kc2 Rh2+ 89. Kd3 Rh1 90. Kc4 Ne5+ 91. Kb3 Rb1+ 92. Ka2 Rh1 
93. Bc7 Nc6 94. Rb5 Rh7 95. Bb6 Rh3 96. Kb3 Kd6 97. Bc5+ Kc7 98. Bb6+ Kd6 
99. Bc5+ Kc7 100. Kc4 Rh4+ 101. Bd4 Kd6 102. Rd5+ Ke6 103. Rg5 Rh1 104. Bb6 Ne5+ 
105. Kb3 Nc6 106. Ka4 Kf6 107. Rg4 Rc1 108. Kb3 Rb1+ 109. Ka2 Rh1 110. Rc4 Rh2+ 
111. Ka3 Rh1 112. Kb3 Kf5 113. Ka4 Ke6 114. Rg4 Kd5 115. c4+ Ke6 116. Rg6+ Kf7 
117. Rg1 Rh4 118. Rc1 Ke6 119. Bf2 Rf4 120. Bc5 Re4 121. Kb5 Re2 122. Bb6 Re5+ 
123. Ka4 Re4 124. Bf2 Rf4 125. Bc5 Re4 126. Kb5 Re2 127. Kb6 Rb2+ 128. Kc7 Nxa5 
129. Bb6 Nb3 130. Rc3 Kf5 131. Kb8 Ke4 132. Re3+ Kf4 133. Rc3 Ke4 134. Kxb7 Nc5+ 
135. Kc6 Nd3 136. c5 Kd4 137. Ra3 Ne5+ 138. Kb7 Kd5 139. Rc3 Rb4 140. Rg3 Rc4 
141. Rg5 Ke4 142. Rh5 Rc2 143. Rg5 Rc1 144. Ba7 Nf7 145. Rh5 Ne5 146. Rh6 Kd5 
147. Rh5 Ke6 148. Bb6 Rc2 149. Kc8 Rc4 150. Rh6+ Kd5 151. Rd6+ Ke4 152. Kb7 Rc1 
153. Rf6 Kd5 154. Rf5 Ke4 155. Rh5 Rc4 156. Rh4+ Kd5 157. Rh5 Ke4 158. Kc7 Kd5 
159. Kc8 Ke6 160. Rh6+ Kd5 161. Rd6+ Ke4 162. Kb7 Rc3 163. Re6 Rc1 164. Re7 Kd5 
165. Re8 Rc2 166. Rd8+ Ke4 167. Rd1 Rc4 168. Re1+ Kd5 169. Rd1+ Ke4 
170. Re1+ Kd5 171. Rf1 Rc2 172. Rd1+ Ke4 173. Rf1 Kd5 174. Rf5 Ke4 175. Rg5 Rc1 
176. Rg8 Rc2 177. Ba7 Rb2+ 178. Bb6 Rc2 179. Rh8 Kd5 180. Ka6 Nd3 181. Rh5+ Kc6 
182. Rh6+ Kd5 183. Rd6+ Ke4 184. c6 Nb4+ 185. Kb7 Nxc6 186. Rxc6 Rxc6 1/2-1/2

[Event "Wednesday Night Engine Tour 13 Rd Swiss 3m+1s Starts at 2200hrs ST"]
[Site "Infinity Chess"]
[Date "2018.1.10"]
[Round "6"]
[White "Victorious"]
[Black "MarioDeMonti"]
[Result "1/2-1/2"]
[ECO "B90"]
[WhiteElo "2560"]
[BlackElo "2507"]
[WhiteEngine "Houdini 6"]
[BlackEngine "stockfish_x64_bmi2_2017_12_26_CTG"]
[EventType "Swiss"]
[WhiteTeam ""]
[BlackTeam ""]
[PlyCount "114"]
[TimeControl "180+1"]

1. e4 c5 2. Nf3 d6 3. d4 cxd4 4. Nxd4 Nf6 5. Nc3 a6 6. Be3 e5 7. Nb3 Be6 
8. f3 h5 9. a4 Be7 10. Be2 Nbd7 11. O-O Rc8 12. a5 O-O 13. Qd2 h4 14. Bf2 h3 
15. g3 Re8 16. Rfd1 Qc7 17. Bf1 Red8 18. Be3 Qc6 19. Rac1 Nc5 20. Nd5 Bxd5 
21. exd5 Nxb3 22. dxc6 Nxd2 23. cxb7 Nxf3+ 24. Kf2 Rc6 25. Kxf3 Rb8 26. Bb6 e4+ 
27. Ke3 Nd7 28. Kxe4 Nxb6 29. axb6 Rxb7 30. b3 Rbxb6 31. Bc4 g6 32. Rf1 Rc5 
33. Rcd1 Re5+ 34. Kd4 Rc6 35. Rde1 Rxe1 36. Rxe1 Kf8 37. Rf1 d5 38. Kxd5 Rd6+ 
39. Ke4 f5+ 40. Ke3 Bf6 41. Kf3 a5 42. Rf2 Rd1 43. g4 Bd4 44. Rf1 Rd2 
45. gxf5 gxf5 46. Kg3 Be5+ 47. Kh4 Ke7 48. Rxf5 Kd6 49. Bd3 Rxh2 50. Rf1 Kc5 
51. Kg4 Kd6 52. Re1 Bc3 53. Re3 Be5 54. Rxh3 a4 55. Rxh2 Bxh2 56. bxa4 Kc6 
57. a5 Bg1 1/2-1/2

[Event "Wednesday Night Engine Tour 13 Rd Swiss 3m+1s Starts at 2200hrs ST"]
[Site "Infinity Chess"]
[Date "2018.1.10"]
[Round "6"]
[White "Vimtiroba"]
[Black "ocirema"]
[Result "1/2-1/2"]
[ECO "C55"]
[WhiteElo "2513"]
[BlackElo "2505"]
[WhiteEngine "Asmfish@ Seahorse_CTG"]
[BlackEngine "stockfish_18010422_x64_modern_CTG"]
[EventType "Swiss"]
[WhiteTeam ""]
[BlackTeam ""]
[PlyCount "99"]
[TimeControl "180+1"]

1. e4 e5 2. Nf3 Nc6 3. Bc4 Nf6 4. d3 Bc5 5. c3 O-O 6. O-O d6 7. a4 a5 8. Bg5 h6 
9. Bh4 g5 10. Bg3 Kg7 11. Nbd2 Ba7 12. Re1 Ng8 13. Nf1 h5 14. h3 Nh6 15. d4 g4 
16. Bh4 f6 17. N3h2 Qe8 18. Ne3 gxh3 19. gxh3 exd4 20. Nd5 Ne5 21. Nxc7 Qg6+ 
22. Kh1 Bxh3 23. Ne6+ Bxe6 24. Bxe6 dxc3 25. Rg1 Neg4 26. Qd5 Rae8 27. Rg2 f5 
28. Bd7 fxe4 29. Qxb7 Rf7 30. Qxa7 cxb2 31. Rd1 Re5 32. Qb7 Qf5 33. Nxg4 Nxg4 
34. Bg3 Rxd7 35. Bxe5+ Kh7 36. Qc8 b1=Q 37. Rxb1 dxe5 38. Rb7 Nxf2+ 39. Kg1 Nh3+ 
40. Kh2 Qf4+ 41. Kxh3 Qf5+ 42. Kh2 Qf4+ 43. Kg1 Qe3+ 44. Kf1 Qd3+ 45. Ke1 Qd1+ 
46. Kf2 Qf3+ 47. Ke1 Qe3+ 48. Kf1 Qf3+ 49. Ke1 Qe3+ 50. Kf1 1/2-1/2

[Event "Wednesday Night Engine Tour 13 Rd Swiss 3m+1s Starts at 2200hrs ST"]
[Site "Infinity Chess"]
[Date "2018.1.10"]
[Round "6"]
[White "BlitzMaster"]
[Black "SkyPilot"]
[Result "1/2-1/2"]
[ECO "C50"]
[WhiteElo "2569"]
[BlackElo "2557"]
[WhiteEngine "stockfish_18010422_x64_modern_CTG"]
[BlackEngine "stockfish_x64_bmi2_2018_01_01_CTG"]
[EventType "Swiss"]
[WhiteTeam ""]
[BlackTeam ""]
[PlyCount "128"]
[TimeControl "180+1"]

1. e4 e5 2. Nf3 Nc6 3. Bc4 Bc5 4. O-O Nf6 5. d3 d6 6. c3 O-O 7. h3 a5 8. Nbd2 h6 
9. Re1 Be6 10. Bb5 Qb8 11. Nf1 Qa7 12. Re2 a4 13. Ng3 Qa5 14. Bxc6 bxc6 
15. Nh4 Rfe8 16. Re1 d5 17. exd5 cxd5 18. Rxe5 Bf8 19. Qc2 c5 20. Bd2 Nd7 
21. Re3 Rab8 22. Rae1 c4 23. d4 a3 24. bxa3 Nf6 25. Bc1 Rb6 26. R3e2 Reb8 
27. Ng6 Bd6 28. Ne5 Bxa3 29. f4 Bf8 30. f5 Bc8 31. Qd2 Ra6 32. Ng4 Nxg4 
33. hxg4 Bd7 34. Nh5 Rb1 35. Qe3 Ra1 36. a3 Qc7 37. Qf2 Rb6 38. Bf4 Rxe1+ 
39. Rxe1 Qb7 40. g5 hxg5 41. Bxg5 Rb1 42. Bc1 Qb8 43. Qf3 Rb6 44. Qxd5 Qc8 
45. Ng3 Qc6 46. Qxc6 Bxc6 47. Kf2 Rb3 48. Ne2 Be7 49. d5 Bxd5 50. Nf4 Bc5+ 
51. Be3 Bxe3+ 52. Kxe3 Bc6 53. Kd4 Rxa3 54. Re5 Ra1 55. Kxc4 Ra4+ 56. Kc5 Rxf4 
57. Kxc6 Rc4+ 58. Rc5 Rg4 59. g3 Rxg3 60. c4 g5 61. fxg6 fxg6 62. Rd5 Kf7 
63. c5 Re3 64. Kb5 Ke6 1/2-1/2

[Event "Wednesday Night Engine Tour 13 Rd Swiss 3m+1s Starts at 2200hrs ST"]
[Site "Infinity Chess"]
[Date "2018.1.10"]
[Round "5"]
[White "Dovahkiin"]
[Black "MiKachomiKa QueeN"]
[Result "1/2-1/2"]
[ECO "E10"]
[WhiteElo "2435"]
[BlackElo "2467"]
[WhiteEngine "BrainFish_180106_x64_modern_CTG"]
[BlackEngine "Raubfisch X37b1_CTG"]
[EventType "Swiss"]
[WhiteTeam ""]
[BlackTeam ""]
[PlyCount "72"]
[TimeControl "180+1"]

1. d4 Nf6 2. c4 e6 3. Nf3 d5 4. e3 b6 5. Nc3 Bb7 6. cxd5 exd5 7. Qc2 Nbd7 
8. Bd3 Be7 9. O-O O-O 10. b3 a6 11. Bb2 Bd6 12. Bf5 Re8 13. Rac1 Qe7 14. Bh3 c6 
15. Rfe1 Rac8 16. Nd2 h6 17. Qd3 c5 18. Ne2 Rc7 19. Qb1 b5 20. dxc5 Nxc5 
21. Nf3 g6 22. Bd4 b4 23. g3 Qe4 24. Qxe4 Nfxe4 25. Red1 a5 26. Nf4 a4 
27. bxa4 Ra8 28. Nxd5 Bxd5 29. Bxc5 Rxa4 30. Rxd5 Rxa2 31. Rd4 Nxf2 
32. Rxd6 Nxh3+ 33. Kh1 Nf2+ 34. Kg1 Nh3+ 35. Kh1 Nf2+ 36. Kg1 Nh3+ 1/2-1/2

[Event "Wednesday Night Engine Tour 13 Rd Swiss 3m+1s Starts at 2200hrs ST"]
[Site "Infinity Chess"]
[Date "2018.1.10"]
[Round "5"]
[White "koalachess"]
[Black "MGR"]
[Result "1/2-1/2"]
[ECO "C42"]
[WhiteElo "2325"]
[BlackElo "2499"]
[WhiteEngine "asmFishW_2017-11-19_popcnt_CTG"]
[BlackEngine "asmFishW_2017-11-19_bmi2"]
[EventType "Swiss"]
[WhiteTeam ""]
[BlackTeam ""]
[PlyCount "120"]
[TimeControl "180+1"]

1. e4 e5 2. Nf3 Nf6 3. Nxe5 d6 4. Nf3 Nxe4 5. d4 d5 6. Bd3 Bb4+ 7. c3 Bd6 
8. O-O O-O 9. c4 c6 10. Re1 Bf5 11. Qb3 Qd7 12. Nc3 Nxc3 13. Bxf5 Qxf5 
14. bxc3 b6 15. cxd5 cxd5 16. Qb5 Qd7 17. Rb1 Rd8 18. a4 Nc6 19. Bg5 Rdc8 
20. Nh4 h6 21. Bd2 Be7 22. Nf3 Bf6 23. Bf4 Rd8 24. Be5 Bxe5 25. dxe5 Rac8 
26. Rbc1 Ne7 27. Nd4 Rc4 28. e6 Qxb5 29. axb5 Rdc8 30. exf7+ Kxf7 31. Ra1 R8c7 
32. Ne6 Rd7 33. Ra3 Re4 34. Rxe4 dxe4 35. Nd4 Nf5 36. Kf1 Nxd4 37. cxd4 Ke6 
38. h4 g5 39. hxg5 hxg5 40. Ra4 Kd5 41. Ke2 Rf7 42. Ke3 g4 43. Rb4 Ke6 
44. Kxe4 Rxf2 45. g3 Rf3 46. Ra4 Rxg3 47. Rxa7 Rg1 48. Rb7 Kd6 49. Rxb6+ Kc7 
50. Rc6+ Kb7 51. Rd6 g3 52. Rd5 g2 53. Kf3 Kc7 54. Kf2 Rb1 55. Kxg2 Rb3 
56. Re5 Rd3 57. Kf2 Rxd4 58. Kf3 Rh4 59. Rc5+ Kb6 60. Rc6+ Kxb5 1/2-1/2

[Event "Wednesday Night Engine Tour 13 Rd Swiss 3m+1s Starts at 2200hrs ST"]
[Site "Infinity Chess"]
[Date "2018.1.10"]
[Round "5"]
[White "CrossingJordan"]
[Black "KRAKEN"]
[Result "1/2-1/2 "]
[ECO "C55"]
[WhiteElo "2482"]
[BlackElo "2555"]
[WhiteEngine "asmFishW_2017-12-20_bmi2_CTG"]
[BlackEngine "Raubfisch X37b1._zag_CTG"]
[EventType "Swiss"]
[WhiteTeam ""]
[BlackTeam ""]
[PlyCount "147"]
[TimeControl "180+1"]

1. e4 e5 2. Nf3 Nc6 3. Bc4 Nf6 4. d3 Bc5 5. c3 O-O 6. O-O d6 7. Nbd2 a6 
8. a4 Ba7 9. h3 Ne7 10. Re1 Ng6 11. d4 c6 12. b4 Re8 13. Bd3 Be6 14. a5 Rc8 
15. Bf1 exd4 16. cxd4 h6 17. Bb2 Qe7 18. Qc2 Rcd8 19. Re3 d5 20. e5 Ne4 
21. Ba3 Qd7 22. Rd1 Nxd2 23. Qxd2 Bf5 24. Rde1 Nf8 25. Bd3 Bxd3 26. Qxd3 Ne6 
27. Bb2 Nf4 28. Qc2 Qe7 29. Bc3 Rf8 30. Qd2 Ne6 31. g3 Rde8 32. Kg2 Qd7 
33. Bb2 Ra8 34. Ra3 Rae8 35. Rae3 Ra8 36. Rb3 b6 37. Ra3 bxa5 38. Rxa5 Bb6 
39. Ra2 Rfb8 40. Rea1 Bd8 41. Rxa6 Rxa6 42. Rxa6 Qb7 43. Ra4 Qb5 44. Qd1 Qc4 
45. Nd2 Qd3 46. Ra3 Qg6 47. Bc3 Be7 48. Nf3 Qe4 49. Ra2 Ng5 50. Ra4 Kf8 
51. h4 Ne6 52. Kg1 Qg4 53. Qd3 Nf4 54. Qe3 Ne6 55. Ra7 Bd8 56. Kg2 Kg8 
57. Ra6 Bb6 58. Ra1 Bd8 59. Ra7 Bb6 60. Ra6 Kf8 61. Ra1 Bd8 62. Ra6 Bb6 
63. Ra1 Kg8 64. Qd2 Bd8 65. Ra6 g5 66. hxg5 Bxg5 67. Nxg5 hxg5 68. f3 Qh5 
69. Ra1 g4 70. fxg4 Qxg4 71. Qd1 Nf4+ 72. Kf2 Nh3+ 73. Kg2 Nf4+ 74. Kf2 1/2-1/2

[Event "Wednesday Night Engine Tour 13 Rd Swiss 3m+1s Starts at 2200hrs ST"]
[Site "Infinity Chess"]
[Date "2018.1.10"]
[Round "5"]
[White "KillBill2017"]
[Black "RonWeasley"]
[Result "1/2-1/2"]
[ECO "E10"]
[WhiteElo "2481"]
[BlackElo "2478"]
[WhiteEngine "Raubfisch X37b1._CTG"]
[BlackEngine "BrainFish 060118_CTG"]
[EventType "Swiss"]
[WhiteTeam ""]
[BlackTeam ""]
[PlyCount "111"]
[TimeControl "180+1"]

1. d4 Nf6 2. c4 e6 3. Nf3 d5 4. Nc3 c6 5. Bg5 h6 6. Bh4 dxc4 7. e4 g5 8. Bg3 b5 
9. Be2 Bb7 10. h4 g4 11. Ne5 Nbd7 12. Nxd7 Qxd7 13. Be5 Qe7 14. O-O Rg8 
15. b3 Bg7 16. Qc2 Nh5 17. Bxg7 Rxg7 18. g3 Qd6 19. e5 Qxd4 20. Ne4 Qxe5 
21. Rad1 Kf8 22. Rfe1 c5 23. Bxc4 bxc4 24. Nd6 Qf6 25. Nxb7 Qf3 26. Qd2 Qxb7 
27. Qxh6 Nxg3 28. fxg3 Kg8 29. bxc4 Qf3 30. Qe3 Qxe3+ 31. Rxe3 Rb8 32. Re5 Rb2 
33. a4 Rb3 34. Kg2 Ra3 35. Rd8+ Kh7 36. Rd2 Rxa4 37. Rxc5 Ra6 38. Rc8 Rg8 
39. Rc7 Kg6 40. Re2 f6 41. c5 Rb8 42. c6 Rb3 43. h5+ Kxh5 44. Rc2 Raa3 
45. Rc8 Rxg3+ 46. Kh2 Rh3+ 47. Kg2 Rag3+ 48. Kf1 Rh1+ 49. Kf2 Rgh3 50. Rc5+ Kg6 
51. Rg8+ Kf7 52. c7 R1h2+ 53. Kg1 Rh1+ 54. Kf2 R1h2+ 55. Kg1 Rh1+ 56. Kf2 
1/2-1/2